 Dungeon Crawl Stone Soup version 0.32-a0-908-g8e5f33bbaa (webtiles) character file.

Game seed: 134904048448327219

2710 Kenran the Martial Artist (level 9, -1/68 HPs)
             Began as a Demigod Shapeshifter on Apr 6, 2024.
             Killed from afar by an orc wizard (4 damage)
             ... with a magic dart
             ... on level 8 of the Dungeon.
             The game lasted 00:12:50 (6464 turns).

Kenran the Martial Artist (Demigod Shapeshifter)    Turns: 6464, Time: 00:12:51

Health: -1/68      AC:  6    Str: 19    XL:     9   Next: 16%
Magic:  11/11      EV: 13    Int: 12    God:
Gold:   391        SH:  6    Dex: 27    Spells: 8/8 levels left

rFire   . .          .
                       - Unarmed
rCold   . . .        b - +0 buckler
rNeg    + . .        m - +1 ring mail "Coaduor" {Will++}
rPois   .            (helmet currently unavailable)
rElec   .            (cloak currently unavailable)
rCorr   .            (gloves currently unavailable)
SInv    .            (boots currently unavailable)
Will    ++...        a - amulet of the acrobat
Stlth   +            l - ring of positive energy
HPRegen 0.31/turn    p - +6 ring of dexterity
MPRegen 0.12/turn

%: acrobat
@: beast-form
A: beast (slay +2), high MP 1, forlorn, divine attributes
a: Begin Untransformation


You were on level 8 of the Dungeon.
You were a hulking beast.
You visited 1 branch of the dungeon, and saw 8 of its levels.

You collected 391 gold pieces.

Inventory:

Armour
 b - a +0 buckler (worn)
 k - a +2 hat
 m - the +1 ring mail "Coaduor" (worn) {Will++}
   (You found it on level 5 of the Dungeon)

   Will++:    It greatly increases your willpower.
Jewellery
 a - an amulet of the acrobat (around neck)
 l - a ring of positive energy (left hand)
 p - a +6 ring of dexterity (right hand)
 w - a ring of see invisible
Talismans
 c - a beast talisman (active)
 d - a flux talisman
Wands
 i - a wand of flame (4)
Scrolls
 f - 4 scrolls of teleportation
 j - a scroll of fog
 q - 2 scrolls of blinking
 v - a scroll of revelation {unknown}
 x - a scroll of summoning {unknown}
 y - a scroll of torment {unknown}
Potions
 e - 2 potions of magic
 n - a potion of might {unknown}
 o - 2 potions of invisibility {unknown}
 r - a potion of ambrosia {unknown}
 s - 2 potions of berserk rage {unknown}
 t - a potion of brilliance {unknown}
 u - 2 potions of haste {unknown}
 z - a potion of cancellation {unknown}


   Skills:
 + Level 2.3 Fighting
 + Level 2.0 Armour
 - Level 5.0 Dodging
 + Level 2.0 Shields
 - Level 10.0 Unarmed Combat
 - Level 4.0 Shapeshifting


You had 8 spell levels left.
You didn't know any spells.
Your spell library contained the following spells:

 Spells                   Type           Power      Damage    Failure   Level
 Apportation              Tloc           0%         N/A       58%         1
 Cigotuvi's Dreadful Rot  Necr/Alch/Air  0%         N/A       73%         2
 Jinxbite                 Hex            0%         N/A       73%         2
 Ignite Poison            Fire/Alch      0%         N/A       100%        4
 Alistair's Intoxication  Alch           0%         N/A       100%        5
 Freezing Cloud           Conj/Ice/Air   0%         6-21      100%        5


Dungeon Overview and Level Annotations

Branches:
Dungeon (8/15)             Temple (0/1) D:7
   Lair: D:8-11

Annotations:
D:4 1 runed translucent door, Frousche's ghost, amateur CoAr
D:7 Jeremiah


Innate Abilities, Weirdness & Mutations

You are a hulking beast.
Your limbs bulge with bestial killing power. (Slay +2)
You have an increased reservoir of magic. (+10% MP)
You shall have no god before yourself.
Your divine heritage dramatically boosts your attributes as you level up.


Message History

Your Shields skill increases to level 2!
Things that are here:
a +0 hand axe; an orc corpse A magic dart appears from out of thin air!
The magic dart hits you.
* * * LOW HITPOINT WARNING * * *
A kobold comes into view. It is wielding a +0 short sword.
The kobold shouts!
You hear a shout!
The kobold throws a stone.
The stone completely misses you.
A puff of flame appears from out of thin air!
The puff of flame misses you.
You feel better.
The kobold throws a stone.
The stone hits you but does no damage. You block something's attack.
You hit something. You miss something.
You hear some strange, mumbled words.
A magic dart appears from out of thin air!
The magic dart hits you.
* * * LOW HITPOINT WARNING * * *
The orc hits you with a +0 flail!
* * * LOW HITPOINT WARNING * * *
You miss something.
The kobold throws a stone.
The stone hits you.
* * * LOW HITPOINT WARNING * * *
You hear some strange, mumbled words.
A puff of flame appears from out of thin air!
The puff of flame misses you.
The puff of flame hits the kobold!
The kobold dies!
You block the orc's attack.
Okay, then.
Okay, then.
You hit something.
A kobold brigand comes into view.
It is wielding a +0 whip and quivering poisoned darts.
Something barely misses you. The orc barely misses you.
You punch something!
The kobold brigand throws a poisoned dart.
You block the poisoned dart.
You hear some strange, mumbled words.
A magic dart appears from out of thin air!
The magic dart hits you.
You die...

..#.#.#. ... #.#
...#.... ..# #†#
..#Y..# #.# #$#
.....# #.# #)# †.#
#.# #.#
..###########.###.#
..................#
###########....o{##
########....#.##h#
.....##.###.#.##.#
####.#.## ##..##.#
#.#.# #..##.#
#<#.## #..##.#
#....###.#.##.#
#####...##.##)#
##.....#.##K#
##........##.#


You could see a kobold brigand and an orc.

Vanquished Creatures
  A shadow (D:6)
  A wyvern (D:8)
  A yak (D:8)
  A basilisk (D:8)
  A steam dragon (D:8)
  6 water moccasins
  An ice beast (D:5)
  A sky beast (D:6)
  2 black bears
  2 ogres (D:7)
  2 scorpions (D:5)
  A howler monkey (D:6)
  3 orc priests
  3 bombardier beetles
  4 hounds
  4 iguanas
  4 orc wizards
  5 adders
  2 shadow imps
  3 white imps
  2 ufetubi (D:7)
  A ribbon worm (D:2)
  A dart slug (D:1)
  19 orcs
  2 endoplasms
  2 giant cockroaches (D:3)
  6 goblins
  8 hobgoblins
  7 jackals
  3 quokkas (D:1)
  A ball python (D:4)
  6 bats
  A frilled lizard (D:1)
  8 kobolds
  7 rats
122 creatures vanquished.

Vanquished Creatures (others)
  A kobold (D:8)
1 creature vanquished.

Grand Total: 123 creatures vanquished

Notes
Turn   | Place    | Note
-------+----------+-------------------------------------------
     0 | D:1      | Kenran the Demigod Shapeshifter began the quest for the
                  | Orb.
     0 | D:1      | Reached XP level 1. HP: 15/15 MP: 3/3
    30 | D:1      | Reached skill level 1 in Fighting
    38 | D:1      | Reached skill level 3 in Unarmed Combat
   262 | D:1      | Reached XP level 2. HP: 17/23 MP: 4/4
  1153 | D:2      | Reached XP level 3. HP: 14/28 MP: 5/5
  1157 | D:2      | Reached skill level 4 in Unarmed Combat
  2173 | D:3      | Reached XP level 4. HP: 33/35 MP: 6/6
  2208 | D:3      | Reached skill level 5 in Unarmed Combat
  2411 | D:3      | Reached XP level 5. HP: 35/40 MP: 7/7
  2792 | D:4      | Noticed a black bear
  2829 | D:4      | Reached skill level 6 in Unarmed Combat
  3376 | D:4      | Found a runed translucent door.
  3410 | D:4      | Noticed Frousche's ghost (amateur CoAr)
  3620 | D:5      | Entered Level 5 of the Dungeon
  3631 | D:5      | Identified the +1 ring mail "Coaduor" {Will++}
  3655 | D:5      | Noticed a water moccasin
  3670 | D:5      | Killed a water moccasin
  3671 | D:5      | Reached XP level 6. HP: 26/47 MP: 8/8
  4098 | D:5      | Reached XP level 7. HP: 52/52 MP: 9/9
  4471 | D:6      | Reached skill level 7 in Unarmed Combat
  4519 | D:6      | Noticed a shadow
  4533 | D:6      | Killed a shadow
  4858 | D:6      | Reached XP level 8. HP: 36/59 MP: 10/10
  5026 | D:6      | Reached skill level 8 in Unarmed Combat
  5269 | D:7      | Reached skill level 5 in Dodging
  5602 | D:7      | Found a staircase to the Ecumenical Temple.
  5604 | D:7      | Noticed Jeremiah
  5825 | D:7      | Reached skill level 9 in Unarmed Combat
  6318 | D:8      | Reached skill level 10 in Unarmed Combat
  6416 | D:8      | Reached skill level 1 in Shields
  6416 | D:8      | Reached XP level 9. HP: 64/64 MP: 11/11
  6430 | D:8      | Reached skill level 1 in Armour
  6462 | D:8      | HP: 3/68 [kobold/stone (2)]
  6464 | D:8      | Killed from afar by an orc wizard

Illustrated notes

Levels and vault maps discovered:
D:1:      dpeg_arrival_subterranean_lakeside_camping, layout_loops_ring,
          hellmonk_ecumenical_altar_crossroads
D:2:      layout_basic, serial_forest, infiniplex_forest_lined_2,
          infiniplex_forest_lined_2, infiniplex_forest_straight_2,
          infiniplex_forest_straight_4, infiniplex_forest_lined_room_3,
          infiniplex_forest_straight_4, infiniplex_forest_clump_small,
          infiniplex_forest_lined_room_, infiniplex_forest_lined_4_way
D:3:      layout_loops_cross
D:4:      layout_cave_pools, mainiacjoe_overflow_tiny_flanked,
          mainiacjoe_overflow_cross_hatched, old_standard_altar, serial_forest,
          infiniplex_forest_lined_2, infiniplex_forest_clump_small,
          infiniplex_forest_lined_room_2, infiniplex_forest_lined_2,
          infiniplex_forest_lined_4_way, infiniplex_forest_lined_3,
          infiniplex_forest_corner_2, infiniplex_forest_clump_double,
          infiniplex_forest_straight_5, ebering_ghost_sewer_d
D:5:      layout_rooms, nemelex_diamond_rough_becter, lemuel_round_altar,
          mainiacjoe_overflow_alcove_1
D:6:      layout_cave_pools, grunt_dithmenos_shadows
D:7:      layout_cave_pools, lemuel_round_altar, minmay_temple_entry_junction,
          uniq_jeremiah
D:8:      layout_loops_ring, minmay_lair_entry_grove

Skill      XL: |  1  2  3  4  5  6  7  8  9 |
---------------+----------------------------+-----
Fighting       | 1 2 |  2.3
Unarmed Combat | 3 4 5 6 7 10 | 10.0
Dodging        | 2 3 4 5 |  5.0
Shapeshifting  | 3 4 |  4.0
Shields        | 1 2 |  2.0
Armour         | 2 |  2.0

Action                     |  1- 3 |  4- 6 |  7- 9 || total
---------------------------+-------+-------+-------++-------
  Melee: Unarmed           |   130 |   177 |   207 ||   514
         Punch             |     1 |       |       ||     1
  Evoke: Wand              |       |     1 |     2 ||     3
    Use: Potion            |     2 |     2 |     4 ||     8
         Scroll            |     2 |     7 |       ||     9
 Armour: Animal skin       |    56 |    14 |       ||    70
         Skin              |     5 |       |       ||     5
         Scale mail        |       |    51 |       ||    51
         Ring mail         |       |    22 |   105 ||   127
  Dodge: Dodged            |    53 |    53 |   103 ||   209
  Block: Buckler           |     8 |    25 |    41 ||    74

Table legend: (Time is in decaauts)
 A = Elapsed time spent in this place.
 B = Non-inter-level travel time spent in this place.
 C = Inter-level travel time spent in this place.
 D = Time resting spent in this place.
 E = Time spent auto-exploring this place.
 F = Levels seen in this place.
 G = Mean time per level.
                   A        B        C        D        E       F      G
               +--------+--------+--------+--------+--------+-----+--------+
         Total |   6426 |   6251 |    175 |   1852 |   2955 |   8 |  803.2 |
       Dungeon |   6426 |   6251 |    175 |   1852 |   2955 |   8 |  803.2 |
               +--------+--------+--------+--------+--------+-----+--------+

Top non-repeatable levels by time:
     D:6: 1033 daAuts
     D:4: 968 daAuts
     D:2: 941 daAuts
     D:1: 880 daAuts
     D:5: 829 daAuts
     D:3: 815 daAuts
     D:7: 562 daAuts
     D:8: 396 daAuts
